TOP OF THE 1ST |
New York Yankees batting - Pitching for Montreal Expos : RHP Jose Robles
|
Pitching: RHP Jose Robles
|
|
Batting: RHB Russ Shambaugh
|
0-0: Ball 1-0: Ground out 6-3 (Groundball, 6, EV 88.8 MPH)
|
Batting: RHB Jeckel Hester
|
0-0: Foul Ball, location: 2F 0-1: Ball 1-1: Ball 2-1: Ball 3-1: Foul Ball, location: 2F 3-2: Foul Ball, location: 2F 3-2: Ground out 3-1 (Groundball, 34, EV 83.8 MPH)
|
Batting: SHB Bartholomeu Chambino
|
0-0: Foul Ball, location: 2F 0-1: Fly out, F7 (Flyball, 7S, EV 76.9 MPH)
|
Top of the 1st over - 0 runs, 0 hits, 0 errors, 0 left on base; New York 0 - Montreal 0 |
BOTTOM OF THE 1ST |
Montreal Expos batting - Pitching for New York Yankees : RHP Bryce Cleavinger
|
Pitching: RHP Bryce Cleavinger
|
|
Batting: LHB Mark Marvin
|
0-0: Foul Ball, location: 2F 0-1: Swinging Strike 0-2: Ball 1-2: Foul Ball, location: 2F 1-2: Foul Ball, location: 2F 1-2: Strikes out swinging
|
Batting: RHB Steve French
|
0-0: Called Strike 0-1: Called Strike 0-2: Ball 1-2: Ball 2-2: SINGLE (Groundball, 25, EV 65.6 MPH) (infield hit)
|
Batting: LHB Austin Ohmer
|
0-0: Foul Ball, location: 2F 0-1: Fly out, F6 (Popup, 6, EV 78.8 MPH)
|
Batting: LHB Steve Anderson
|
0-0: Ball 1-0: Ball 2-0: Ground out 2-3 (Groundball, 13S, EV 68.1 MPH)
|
Bottom of the 1st over - 0 runs, 1 hit, 0 errors, 1 left on base; New York 0 - Montreal 0 |
TOP OF THE 2ND |
New York Yankees batting - Pitching for Montreal Expos : RHP Jose Robles
|
Batting: SHB Gus Berry
|
0-0: Fly out, F4 (Popup, 4, EV 67.5 MPH)
|
Batting: RHB Adriaan Pieters
|
0-0: Ball 1-0: Ball 2-0: DOUBLE (Groundball, 3L, EV 105.0 MPH)
|
Batting: SHB Mukhtar Wa'il
|
0-0: Ball 1-0: Ball 2-0: Foul Ball, location: 2F 2-1: Swinging Strike 2-2: Fly out, F8 (Flyball, 78M, EV 86.2 MPH)
|
Batting: RHB Shiro Suehiro
|
0-0: Called Strike 0-1: Ball 1-1: Ball 2-1: Foul Ball, location: 2F 2-2: Ball 3-2: Fly out, F7 (Line Drive, 78S, EV 102.5 MPH)
|
Top of the 2nd over - 0 runs, 1 hit, 0 errors, 1 left on base; New York 0 - Montreal 0 |
BOTTOM OF THE 2ND |
Montreal Expos batting - Pitching for New York Yankees : RHP Bryce Cleavinger
|
Batting: SHB Lou Kroneman
|
0-0: Ground out 5-3 (Groundball, 56, EV 91.9 MPH)
|
Batting: RHB Jonathan Fraire
|
0-0: Ball 1-0: Swinging Strike 1-1: Ground out 1-3 (Groundball, 34S, EV 67.5 MPH)
|
Batting: RHB John Ham
|
0-0: Called Strike 0-1: SINGLE (Groundball, 34D, EV 93.8 MPH)
|
Batting: RHB Tommie Eaton
|
0-0: Ball 1-0: Called Strike 1-1: DOUBLE (Line Drive, 7LM, EV 98.1 MPH) John Ham to third
|
Batting: RHB Tommy Mize
|
0-0: Foul Ball, location: 2F 0-1: Ball 1-1: Called Strike 1-2: Strikes out swinging
|
Bottom of the 2nd over - 0 runs, 2 hits, 0 errors, 2 left on base; New York 0 - Montreal 0 |
TOP OF THE 3RD |
New York Yankees batting - Pitching for Montreal Expos : RHP Jose Robles
|
Batting: RHB Eric Davis
|
0-0: Foul Ball, location: 2F 0-1: Ground out 4-3 (Groundball, 4, EV 101.2 MPH)
|
Batting: LHB Dan Morris
|
0-0: Ball 1-0: Swinging Strike 1-1: Ball 2-1: Fly out, F9 (Line Drive, 9, EV 97.5 MPH)
|
Batting: RHB Russ Shambaugh
|
0-0: Called Strike 0-1: Ball 1-1: Ground out 6-3 (Groundball, 6, EV 104.4 MPH)
|
Top of the 3rd over - 0 runs, 0 hits, 0 errors, 0 left on base; New York 0 - Montreal 0 |
BOTTOM OF THE 3RD |
Montreal Expos batting - Pitching for New York Yankees : RHP Bryce Cleavinger
|
Batting: LHB Mark Marvin
|
0-0: Foul Ball, location: 2F 0-1: Called Strike 0-2: Strikes out looking
|
Batting: RHB Steve French
|
0-0: Ball 1-0: Foul Ball, location: 2F 1-1: Ground out 5-3 (Groundball, 56S, EV 75.0 MPH)
|
Batting: LHB Austin Ohmer
|
0-0: Ball 1-0: Foul Ball, location: 2F 1-1: Ball 2-1: Called Strike 2-2: Ball 3-2: DOUBLE (Line Drive, 9LM, EV 94.4 MPH)
|
Batting: LHB Steve Anderson
|
0-0: Ball 1-0: Foul Ball, location: 2F 1-1: Called Strike 1-2: Foul Ball, location: 2F 1-2: Strikes out swinging
|
Bottom of the 3rd over - 0 runs, 1 hit, 0 errors, 1 left on base; New York 0 - Montreal 0 |
TOP OF THE 4TH |
New York Yankees batting - Pitching for Montreal Expos : RHP Jose Robles
|
Batting: RHB Jeckel Hester
|
0-0: Ground out 4-3 (Groundball, 4S, EV 90.0 MPH)
|
Batting: SHB Bartholomeu Chambino
|
0-0: Ball 1-0: SOLO HOME RUN (Flyball, 78XD, EV 98.8 MPH), Distance : 390 ft
|
Batting: SHB Gus Berry
|
0-0: Ball 1-0: Swinging Strike 1-1: Fly out, F8 (Flyball, 78M, EV 90.6 MPH)
|
Batting: RHB Adriaan Pieters
|
0-0: Ball 1-0: Ball 2-0: Foul Ball, location: 2F 2-1: Ball 3-1: Ground out 6-3 (Groundball, 6, EV 99.4 MPH)
|
Top of the 4th over - 1 run, 1 hit, 0 errors, 0 left on base; New York 1 - Montreal 0 |
BOTTOM OF THE 4TH |
Montreal Expos batting - Pitching for New York Yankees : RHP Bryce Cleavinger
|
Batting: SHB Lou Kroneman
|
0-0: Ball 1-0: Foul Ball, location: 2F 1-1: Called Strike 1-2: Foul Ball, location: 2F 1-2: Fly out, F3 (Popup, 23F, EV 91.9 MPH)
|
Batting: RHB Jonathan Fraire
|
0-0: Ball 1-0: Called Strike 1-1: Fly out, F8 (Flyball, 8LD, EV 96.2 MPH)
|
Batting: RHB John Ham
|
0-0: Called Strike 0-1: Foul Ball, location: 2F 0-2: Fly out, F8 (Line Drive, 89M, EV 96.9 MPH)
|
Bottom of the 4th over - 0 runs, 0 hits, 0 errors, 0 left on base; New York 1 - Montreal 0 |
TOP OF THE 5TH |
New York Yankees batting - Pitching for Montreal Expos : RHP Jose Robles
|
Batting: SHB Mukhtar Wa'il
|
0-0: Called Strike 0-1: Swinging Strike 0-2: Ball 1-2: Strikes out swinging
|
Batting: RHB Shiro Suehiro
|
0-0: Ball 1-0: Ball 2-0: Called Strike 2-1: Ball 3-1: Foul Ball, location: 2F 3-2: Foul Ball, location: 2F 3-2: Base on Balls
|
Batting: RHB Eric Davis
|
0-0: Called Strike 0-1: Ball 1-1: Ball 2-1: Fly out, F8 (Line Drive, 8LD, EV 110.0 MPH)
|
Batting: LHB Dan Morris
|
0-0: Fly out, F8 (Flyball, 8LS, EV 87.5 MPH)
|
Top of the 5th over - 0 runs, 0 hits, 0 errors, 1 left on base; New York 1 - Montreal 0 |
BOTTOM OF THE 5TH |
Montreal Expos batting - Pitching for New York Yankees : RHP Bryce Cleavinger
|
Batting: RHB Tommie Eaton
|
0-0: Ball 1-0: Foul Ball, location: 2F 1-1: Ball 2-1: SINGLE (Groundball, 3S, EV 63.1 MPH) (infield hit)
|
Batting: RHB Tommy Mize
|
0-0: Bunted foul 0-1: Sac Bunt to 15S - play at first, batter OUT! 1-3 Tommie Eaton to second
|
Batting: LHB Mark Marvin
|
0-0: Called Strike Tommie Eaton is caught stealing 3rd base 2-5 0-1: Foul Ball, location: 2F 0-2: Ball 1-2: Ground out U3 (Groundball, 3S, EV 70.0 MPH)
|
Bottom of the 5th over - 0 runs, 1 hit, 0 errors, 0 left on base; New York 1 - Montreal 0 |
TOP OF THE 6TH |
New York Yankees batting - Pitching for Montreal Expos : RHP Jose Robles
|
Batting: RHB Russ Shambaugh
|
0-0: SINGLE (Groundball, 4MD, EV 101.9 MPH)
|
Batting: RHB Jeckel Hester
|
0-0: Called Strike 0-1: Ball Wild Pitch! Russ Shambaugh to second 1-1: Swinging Strike 1-2: Strikes out swinging
|
Batting: SHB Bartholomeu Chambino
|
0-0: Ball 1-0: Foul Ball, location: 2F 1-1: Foul Ball, location: 2F 1-2: Foul Ball, location: 2F 1-2: Ball 2-2: Strikes out looking
|
Batting: SHB Gus Berry
|
0-0: Ball 1-0: Ball 2-0: Called Strike 2-1: Ground out 1-3 (Groundball, 13, EV 65.6 MPH)
|
Top of the 6th over - 0 runs, 1 hit, 0 errors, 1 left on base; New York 1 - Montreal 0 |
BOTTOM OF THE 6TH |
Montreal Expos batting - Pitching for New York Yankees : RHP Bryce Cleavinger
|
Batting: RHB Steve French
|
0-0: Called Strike 0-1: Ground out 4-3 (Groundball, 13, EV 80.6 MPH)
|
Batting: LHB Austin Ohmer
|
0-0: Called Strike 0-1: Ball 1-1: Swinging Strike 1-2: Strikes out looking
|
Batting: LHB Steve Anderson
|
0-0: Ball 1-0: Ball 2-0: Ball 3-0: Called Strike 3-1: Fly out, F7 (Line Drive, 7S, EV 111.9 MPH)
|
Bottom of the 6th over - 0 runs, 0 hits, 0 errors, 0 left on base; New York 1 - Montreal 0 |
TOP OF THE 7TH |
New York Yankees batting - Pitching for Montreal Expos : RHP Jose Robles
|
Batting: RHB Adriaan Pieters
|
0-0: Ball 1-0: Ball 2-0: Called Strike 2-1: Foul Ball, location: 2F 2-2: Ball 3-2: Fly out, F8 (Flyball, 8LD, EV 106.2 MPH)
|
Batting: SHB Mukhtar Wa'il
|
0-0: Called Strike 0-1: Ball 1-1: Ball 2-1: Foul Ball, location: 2F 2-2: Ball 3-2: Fly out, F4 (Flyball, 34D, EV 89.4 MPH)
|
Batting: RHB Shiro Suehiro
|
0-0: Foul Ball, location: 2F 0-1: Ball 1-1: Foul Ball, location: 2F 1-2: Ball 2-2: Ball 3-2: Ground out 1-3 (Groundball, P, EV 71.9 MPH)
|
Top of the 7th over - 0 runs, 0 hits, 0 errors, 0 left on base; New York 1 - Montreal 0 |
BOTTOM OF THE 7TH |
Montreal Expos batting - Pitching for New York Yankees : RHP Bryce Cleavinger
|
Batting: SHB Lou Kroneman
|
0-0: Ball 1-0: Foul Ball, location: 2F 1-1: Ground out 4-3 (Groundball, 4, EV 79.4 MPH)
|
Pinch Hitting: LHB Bill McGregor
|
0-0: Foul Ball, location: 2F 0-1: Called Strike 0-2: Ball 1-2: Strikes out swinging
|
Batting: RHB John Ham
|
0-0: Called Strike 0-1: Swinging Strike 0-2: Foul Ball, location: 2F 0-2: Ground out 6-3 (Groundball, 6, EV 78.8 MPH)
|
Bottom of the 7th over - 0 runs, 0 hits, 0 errors, 0 left on base; New York 1 - Montreal 0 |
TOP OF THE 8TH |
New York Yankees batting - Pitching for Montreal Expos : RHP Jose Robles
|
Now in CF: Austin Ohmer
|
|
Now in RF: Bill McGregor
|
|
Batting: RHB Eric Davis
|
0-0: Swinging Strike 0-1: Ball 1-1: Foul Ball, location: 2F 1-2: Ground out U3 (Groundball, 3, EV 103.8 MPH)
|
Batting: LHB Dan Morris
|
0-0: Ball 1-0: Called Strike 1-1: SINGLE (Line Drive, 6D, EV 107.5 MPH)
|
Pitching: RHP Zack Rust
|
|
Batting: RHB Russ Shambaugh
|
0-0: Ball 1-0: Ball 2-0: Called Strike 2-1: Swinging Strike 2-2: Strikes out swinging
|
Batting: RHB Jeckel Hester
|
0-0: Ball 1-0: Called Strike 1-1: Ball 2-1: Called Strike 2-2: Fly out, F9 (Flyball, 9LMF, EV 98.8 MPH)
|
Top of the 8th over - 0 runs, 1 hit, 0 errors, 1 left on base; New York 1 - Montreal 0 |
BOTTOM OF THE 8TH |
Montreal Expos batting - Pitching for New York Yankees : RHP Bryce Cleavinger
|
Pinch Hitting: SHB Joey Pacheco
|
0-0: Ball 1-0: Ball 2-0: Ball 3-0: Base on Balls
|
Batting: RHB Tommy Mize
|
0-0: Called Strike 0-1: Called Strike 0-2: Ball 1-2: Strikes out swinging
|
Batting: LHB Mark Marvin
|
0-0: Called Strike 0-1: Called Strike 0-2: Strikes out swinging
|
Batting: RHB Steve French
|
0-0: Ground out U3 (Groundball, 3S, EV 63.8 MPH)
|
Bottom of the 8th over - 0 runs, 0 hits, 0 errors, 1 left on base; New York 1 - Montreal 0 |
TOP OF THE 9TH |
New York Yankees batting - Pitching for Montreal Expos : RHP Zack Rust
|
Now at SS: Joey Pacheco
|
|
Batting: SHB Bartholomeu Chambino
|
0-0: Ball 1-0: Ball 2-0: Called Strike 2-1: Ball 3-1: Called Strike 3-2: Foul Ball, location: 2F 3-2: Strikes out swinging
|
Batting: SHB Gus Berry
|
0-0: Called Strike 0-1: Ball 1-1: Foul Ball, location: 2F 1-2: Foul Ball, location: 2F 1-2: Ground out 1-3 (Groundball, 15S, EV 68.1 MPH)
|
Batting: RHB Adriaan Pieters
|
0-0: Ball 1-0: Called Strike 1-1: Foul Ball, location: 2F 1-2: Strikes out swinging
|
Top of the 9th over - 0 runs, 0 hits, 0 errors, 0 left on base; New York 1 - Montreal 0 |
BOTTOM OF THE 9TH |
Montreal Expos batting - Pitching for New York Yankees : RHP Bryce Cleavinger
|
Pitching: LHP Joel Pacheco
|
|
Now at 1B: Larry Martell
|
|
Batting: LHB Austin Ohmer
|
0-0: Called Strike 0-1: Ball 1-1: SINGLE (Line Drive, 78S, EV 103.8 MPH)
|
Pinch Hitting: RHB Danny Diaz
|
0-0: Called Strike 0-1: Foul Ball, location: 2F 0-2: Strikes out looking
|
Batting: SHB Lou Kroneman
|
0-0: Ball 1-0: Foul Ball, location: 2F 1-1: Foul Ball, location: 2F 1-2: Strikes out looking
|
Pinch Hitting: RHB Alex Diaz
|
0-0: Foul Ball, location: 2F 0-1: Foul Ball, location: 2F 0-2: Fly out, F7 (Flyball, 78S, EV 71.2 MPH)
|
Bottom of the 9th over - 0 runs, 1 hit, 0 errors, 1 left on base; New York 1 - Montreal 0 |
|